Map: Kairos Junction LE

Players

Bly

  • Race: Zerg Zerg
  • Spawn Location: 5:00

RiSky - Winner!

  • Race: Zerg Zerg
  • Spawn Location: 11:00

Event: 2019 WCS Summer

VOD

Have the link to the VOD?

Description

Time

  • Played on: July 12, 2019, 7:27 a.m.
  • Length: 12:32

All games in this series

Show
View Real Time Build Order
Export as new Build Order

Bly Zerg 

Build Orders: Pool First 

Get SALT Encoding   

  12  0:17  Spawning Pool  
  11  0:22  Drone  
  11  0:26  Drone  
  13  0:31  Drone  
  14  0:41  Overlord  
  14  1:03  Zergling x4  
  16  1:05  Zergling x2  
  17  1:15  Zergling x2  
  18  1:19  Hatchery  
  17  1:26  Zergling x2  
  18  1:33  Queen  
  18  1:39  Zergling x2  
  21  1:49  Overlord  
  21  2:09  Queen  
  21  2:13  Drone x2  
  21  2:32  Drone x3  
  21  2:34  Queen  
  25  2:43  Drone x4  
  28  3:00  Extractor  
  28  3:03  Overlord  
  28  3:04  Drone x2  
  29  3:09  Drone  
  30  3:14  Drone  
  31  3:20  Drone x2  
  31  3:21  Drone x2  
  35  3:28  Overlord  
  35  3:32  Zergling x4  
  37  3:35  Overlord  
  37  3:38  Drone  
  38  3:45  Drone  
  38  3:46  Drone  
  40  3:49  Drone x3  
  40  3:55  Drone x4  
  47  3:57  Extractor  
  47  3:58  Extractor  
  45  4:07  Drone x2  
  47  4:10  Roach Warren  
  47  4:11  Evolution Chamber  
  47  4:14  Drone x2  
  47  4:17  Metabolic Boost  
  47  4:26  Drone x4  
  47  4:27  Overlord  
  50  4:43  Evolution Chamber  
  50  4:45  Zerg Ground Armor Level 1  
  48  4:48  Zergling x2  
  48  4:49  Zergling x8  
  53  4:54  Evolution Chamber  
  62  5:00  Roach x6  
  62  5:04  Evolution Chamber  
  61  5:12  Zerg Melee Weapons Level 1  
  61  5:14  Overlord  
  61  5:23  Overlord  
  61  5:25  Queen  
  61  5:27  Hatchery  
  62  5:41  Zergling x16  
  70  6:01  Hatchery  
  69  6:16  Drone  
  61  6:21  Roach x6  
  71  6:29  Roach  
  71  6:30  Roach x2  
  77  6:38  Roach x2  
  81  6:44  Hatchery  
  81  6:47  Roach x4  
  89  6:52  Ravager, Overlord x3  
  90  6:56  Overlord  
  90  7:01  Roach Warren  
  86  7:04  Ravager  
  84  7:14  Zergling x16  
  84  7:15  Ravager x4  
  97  7:16  Ravager  
  97  7:26  Zergling x12  
  102  7:41  Zergling x2  
  102  7:42  Zergling x4, Lair  
  103  7:46  Hatchery  
  103  7:49  Zergling x16  
  111  7:58  Roach x3  
  116  8:11  Ravager x4  
  120  8:18  Hatchery  
  111  8:29  Drone x3  
  111  8:30  Extractor  
  110  8:36  Zergling x2  
  110  8:37  Zergling x22  
  121  8:49  Glial Reconstitution  
  116  9:03  Zergling x8  
  116  9:04  Zergling x8  
  118  9:18  Spire  
  117  9:51  Roach x5  
  117  9:52  Overlord x3  
  127  9:53  Overlord x2  
  127  9:55  Evolution Chamber  
  127  9:56  Spine Crawler x3  
  117  10:33  Mutalisk x10  
  136  10:43  Evolution Chamber  
  136  10:44  Mutalisk  
  137  10:56  Zergling x10  
  123  11:17  Mutalisk x3  
  91  11:25  Drone  
  62  11:39  Drone  
  59  12:05  Extractor  
  58  12:15  Extractor  
Show
View Real Time Build Order
Export as new Build Order

RiSky Zerg - Winner!

Build Orders: Pool First 

Get SALT Encoding   

  12  0:00  Drone  
  13  0:12  Overlord  
  13  0:17  Drone  
  14  0:30  Drone x2  
  16  0:40  Spawning Pool  
  15  0:43  Drone  
  15  0:47  Drone  
  17  1:06  Hatchery  
  17  1:11  Drone  
  17  1:27  Zergling x4  
  17  1:28  Zergling x2  
  17  1:29  Queen  
  22  1:36  Extractor  
  22  1:38  Overlord  
  21  1:50  Drone  
  22  2:02  Zergling x2  
  22  2:08  Queen  
  23  2:11  Drone  
  26  2:20  Drone, Queen  
  25  2:33  Drone  
  25  2:36  Zergling x4  
  26  2:41  Drone x2  
  28  2:45  Spore Crawler  
  28  2:47  Drone  
  29  2:53  Drone x2  
  29  2:57  Drone  
  32  2:59  Drone  
  32  3:04  Drone  
  34  3:07  Metabolic Boost  
  34  3:11  Drone  
  35  3:13  Drone  
  36  3:23  Overlord  
  36  3:33  Hatchery  
  35  3:37  Drone  
  36  3:42  Drone x4, Evolution Chamber  
  36  3:46  Overlord  
  39  3:49  Drone  
  40  3:56  Zergling x2, Drone x2  
  40  3:57  Zergling x2  
  43  4:08  Zergling x6, Roach Warren  
  45  4:12  Zergling x2  
  45  4:13  Zergling x2  
  47  4:19  Zergling x4  
  47  4:21  Overlord  
  47  4:24  Lair  
  49  4:30  Drone  
  49  4:31  Drone  
  51  4:37  Drone  
  51  4:39  Overlord  
  51  4:40  Extractor  
  51  4:41  Drone x3  
  51  4:44  Drone  
  51  4:45  Drone  
  55  4:49  Zerg Missile Weapons Level 1  
  55  4:51  Drone  
  54  4:55  Drone x2  
  54  4:56  Drone x2  
  54  4:58  Extractor  
  56  5:00  Drone  
  56  5:04  Drone x2  
  56  5:05  Drone x2  
  56  5:06  Drone  
  61  5:10  Zergling x2  
  61  5:14  Zergling x2  
  63  5:19  Zergling x4  
  65  5:21  Glial Reconstitution  
  65  5:28  Overlord  
  65  5:31  Extractor  
  65  5:32  Overlord  
  65  5:33  Roach x3  
  65  5:35  Roach  
  72  5:37  Overlord  
  72  5:38  Overlord  
  72  5:39  Overlord  
  72  5:46  Roach  
  72  5:47  Roach x2  
  78  5:50  Roach x3  
  78  5:53  Zergling x4  
  78  5:56  Zergling x2  
  87  6:01  Zergling x8  
  91  6:06  Zergling x8  
  92  6:16  Drone  
  92  6:17  Roach x2  
  94  6:23  Roach  
  95  6:28  Roach x2  
  95  6:29  Roach  
  95  6:30  Roach x2  
  105  6:36  Roach x2  
  105  6:38  Overseer  
  109  6:40  Nydus Network  
  109  6:42  Overlord  
  109  6:45  Overlord  
  105  6:48  Roach x2  
  107  6:55  Roach x2  
  107  7:00  Roach x3  
  108  7:04  Roach x2  
  111  7:09  Drone  
  111  7:10  Drone x2  
  111  7:11  Drone  
  111  7:14  Drone  
  116  7:25  Drone x2  
  116  7:27  Drone x2  
  119  7:31  Nydus Canal, Zerg Missile Weapons Level 2  
  119  7:32  Overlord  
  119  7:35  Roach x3  
  125  7:39  Overlord  
  125  7:43  Overlord  
  125  7:44  Overlord  
  125  7:46  Overlord  
  125  7:49  Drone x2  
  125  7:51  Roach  
  127  7:54  Nydus Canal  
  127  8:05  Roach x2  
  129  8:07  Roach  
  129  8:08  Roach x2  
  129  8:12  Roach x2  
  139  8:16  Roach x3  
  133  8:29  Hatchery  
  133  8:33  Roach x2  
  133  8:34  Roach x5  
  144  8:38  Roach  
  148  8:53  Overlord  
  145  8:56  Roach  
  145  8:58  Overseer  
  145  9:02  Roach  
  147  9:06  Overlord  
  147  9:08  Overlord  
  143  9:13  Roach x4  
  143  9:17  Roach  
  153  9:23  Roach  
  155  9:27  Ravager x2  
  155  9:31  Roach x3  
  163  9:34  Nydus Canal  
  163  9:37  Ravager  
  163  9:38  Ravager  
  165  9:40  Roach  
  167  9:47  Nydus Canal  
  167  9:50  Roach  
  167  10:00  Roach x2  
  167  10:01  Roach  
  171  10:13  Overlord  
  171  10:15  Overlord  
  171  10:17  Overlord  
  171  10:19  Overlord  
  169  10:23  Overlord  
  169  10:24  Nydus Canal  
  169  10:27  Overlord  
  169  10:30  Queen x2, Overlord  
  169  10:34  Overlord  
  173  10:35  Nydus Canal  
  173  10:37  Roach x4  
  173  10:39  Roach  
  183  10:43  Drone x2  
  185  10:50  Roach x2  
  185  10:51  Roach  
  191  10:57  Roach  
  191  10:58  Roach x2  
  191  10:59  Nydus Canal  
  191  11:03  Queen  
  199  11:09  Queen  
  199  11:10  Queen  
  193  11:14  Roach  
  193  11:15  Roach x2  
  181  11:20  Drone  
  145  11:35  Spore Crawler  
  145  11:38  Spore Crawler x2  
  122  11:40  Spore Crawler  
  107  11:53  Queen x2  
Tags
 
Add a new tag
Caveats
  • Supply blocks, unpowered buildings, or Contaminate may cause inaccurate times.
  • Supply counts are checked every 10 seconds.